 Dungeon Crawl Stone Soup version 0.31-a0-744-gbc345e7fcb (webtiles) character file.

Game seed: 9959202846459514529

54 Aneyh the Poker (level 3, -1/23 HPs)
             Began as a Tengu Monk on Sept 14, 2023.
             Slain by Grinder (4 damage)
             ... while paralysed by Grinder
             ... on level 3 of the Dungeon.
             The game lasted 00:03:14 (1888 turns).

Aneyh the Poker (Tengu Monk)                        Turns: 1888, Time: 00:03:15

Health: -1/23      AC:  3    Str: 13    XL:     3   Next: 91%
Magic:  4/4        EV:  2    Int: 10    God:
Gold:   160        SH:  0    Dex: 16    Spells: 1/2 levels left

rFire   . . .        a - +0 spear
rCold   . . .        (no shield)
rNeg    . . .        b - +0 robe
rPois   .            (helmet restricted)
rElec   .            (no cloak)
rCorr   .            o - +0 pair of gloves
SInv    .            (boots unavailable)
Will    +....        (no amulet)
Stlth   +            (no ring)
HPRegen 0.23/turn    (no ring)
MPRegen 0.09/turn

%: acrobat
@: paralysed, attractive, enlightened, flying
A: beak, talons 3, acrobatic
a: no special abilities


You were on level 3 of the Dungeon.
You visited 1 branch of the dungeon, and saw 3 of its levels.

You collected 160 gold pieces.

Inventory:

Hand Weapons
 a - a +0 spear (weapon)
Armour
 b - a +0 robe (worn)
 d - an orb of light
 o - a +0 pair of gloves (worn)
Jewellery
 k - a ring of flight
 m - a ring of fire
 q - a ring of protection from fire
Scrolls
 e - a scroll of noise {unknown}
 g - a scroll of teleportation
 i - a scroll of vulnerability {unknown}
 j - 2 scrolls of amnesia {unknown}
 l - a scroll of blinking {unknown}
 n - a scroll of identify
Potions
 f - 2 potions of attraction
 h - a potion of magic


   Skills:
 - Level 3.0 Fighting
 + Level 5.2 Polearms
 - Level 3.2 Dodging


You had one spell level left.
You knew the following spells:

 Your Spells              Type           Power      Damage    Failure   Level
a - Summon Small Mammal   Summ           0%         N/A       36%         1

Your spell library contained the following spells:

 Spells                   Type           Power      Damage    Failure   Level
 Apportation              Tloc           0%         N/A       36%         1
 Necrotise                Necr           0%         1d4       36%         1
 Shock                    Conj/Air       0%         1d3       36%         1
 Swiftness                Air            0%         N/A       75%         3
 Airstrike                Air            0%         2d(0-16)  98%         4


Dungeon Overview and Level Annotations

Branches:
Dungeon (3/15)

Altars:

Annotations:
D:1 Terence
D:3 Grinder


Innate Abilities, Weirdness & Mutations

You have a beak for a mouth.
You have claws for feet.
You can magically evade attacks while moving or waiting.


Message History

Grinder is nearby!
Found a glowing ring mail.
You reach to attack!
You closely miss Grinder. You hit Grinder. You claw Grinder, but do no damage.
Grinder is lightly wounded.
Grinder barely misses you.
You hit Grinder but do no damage. Your kick misses Grinder.
Grinder is lightly wounded.
You barely miss Grinder. You peck Grinder, but do no damage.
Grinder is lightly wounded.
Grinder gestures at you. Pain shoots through your body!
Ouch! That really hurt!
You are too injured to fight recklessly!
You are too injured to fight recklessly!
You are too injured to fight recklessly!
Unknown command.
You are confused.
You feel invigorated.
Grinder blinks!
It was a potion of attraction.
You feel attractive to monsters. Grinder gestures at you.
Pain shoots through your body! Grinder is attracted toward you.
It was a potion of enlightenment.
You feel very buoyant.
You fly up into the air.
Grinder gestures at you.
You suddenly lose the ability to move!
Grinder hits you but does no damage. Grinder hits you!
You writhe in agony.
You feel less invigorated.
You feel less confused. Grinder gestures at you. Pain shoots through your body!
* * * LOW HITPOINT WARNING * * *
Grinder hits you.
* * * LOW HITPOINT WARNING * * *
You writhe in agony.
You die...
Grinder says, "Now the real fun starts!"

####..... ........#
##......# ......$.#
......##############
....#.....<......#
#.5.###.#######.#
#.@.# #>..)...#
#.#.###.#####.#
#.##...### #.# #[
##....# #.# #.
####.# #.# #. #.#
#.# .. #.# #.# ##
#.# #.# #.# #.#


You could see Grinder.

Vanquished Creatures
  An adder (D:2)
  A dart slug (D:2)
  6 ball pythons
  2 endoplasms (D:1)
  A giant cockroach (D:1)
  5 hobgoblins
  4 kobolds (D:1)
  A quokka (D:1)
  6 bats
  2 frilled lizards
  5 goblins
  7 rats
41 creatures vanquished.

Notes
Turn   | Place    | Note
-------+----------+-------------------------------------------
     0 | D:1      | Aneyh the Tengu Monk began the quest for the Orb.
     0 | D:1      | Reached XP level 1. HP: 14/14 MP: 2/2
   147 | D:1      | Reached XP level 2. HP: 19/19 MP: 3/3
   181 | D:1      | Reached skill level 4 in Polearms
   924 | D:2      | Noticed Terence
   935 | D:1      | Reached XP level 3. HP: 15/23 MP: 4/4
  1131 | D:2      | Reached skill level 5 in Polearms
  1551 | D:3      | Learned a level 1 spell: Summon Small Mammal
  1874 | D:3      | Noticed Grinder
  1884 | D:3      | Paralysed by Grinder for 5 turns
  1888 | D:3      | Slain by Grinder

Illustrated notes

Levels and vault maps discovered:
D:1:      spicycebolla_arrival_clurvy, layout_basic
D:2:      layout_rooms, chequers_serial_rivers_room_b, uniq_terence
D:3:      layout_loops_ring, uniq_grinder

Skill      XL: |  1  2  3 |
---------------+----------+-----
Polearms       | 4 5 |  5.2
Fighting       | |  3.0
Dodging        | |  3.2

Action                     || total
---------------------------++-------
  Melee: Spear             ||   108
         Kick              ||    17
         Peck              ||    10
   Cast: Summon Small Mamm ||     3
    Use: Potion            ||     3
         Scroll            ||     2
   Stab: Sleeping          ||     6
 Armour: Robe              ||    41
  Dodge: Dodged            ||    77

Table legend: (Time is in decaauts)
 A = Elapsed time spent in this place.
 B = Non-inter-level travel time spent in this place.
 C = Inter-level travel time spent in this place.
 D = Time resting spent in this place.
 E = Time spent auto-exploring this place.
 F = Levels seen in this place.
 G = Mean time per level.
                   A        B        C        D        E       F      G
               +--------+--------+--------+--------+--------+-----+--------+
         Total |   1875 |   1790 |     85 |    173 |   1308 |   3 |  625.0 |
       Dungeon |   1875 |   1790 |     85 |    173 |   1308 |   3 |  625.0 |
               +--------+--------+--------+--------+--------+-----+--------+

Top non-repeatable levels by time:
     D:1: 993 daAuts
     D:2: 495 daAuts
     D:3: 387 daAuts
